 Dungeon Crawl Stone Soup version 0.26-a0-689-gc93c913f66 (webtiles) character file.

Game seed: 595276962233289675

594 Efficiency the Cleaver (level 7, 35/61 HPs)
             Began as a Deep Dwarf Delver on Oct 23, 2020.
             Quit the game on level 7 of the Dungeon.
             The game lasted 00:07:52 (564 turns).

Efficiency the Cleaver (Deep Dwarf Delver)           Turns: 564, Time: 00:07:53

Health: 35/61      AC: 10    Str: 18    XL:     7   Next: 16%
Magic:  3/3        EV:  5    Int: 10    God:
Gold:   74         SH:  0    Dex: 14    Spells: 6/6 levels left

rFire    . . .     SeeInvis .   a - +0 hand axe
rCold    . . .     Faith    .   (no shield)
rNeg     . . .     Spirit   .   j - +0 plate armour
rPois    .         Reflect  .   (no helmet)
rElec    .         Harm     .   (no cloak)
rCorr    .         Rampage  .   (no gloves)
MR       +....                  (no boots)
Stlth    ..........             (no amulet)
HPRegen  0.00/turn              (no ring)
MPRegen  0.08/turn              (no ring)

@: non-regenerating
A: damage resistance, heal wounds, sense surroundings 1, no regeneration
a: Heal Wounds


You were on level 7 of the Dungeon.
You visited 1 branch of the dungeon, and saw 4 of its levels.

You collected 74 gold pieces.

Inventory:

Hand Weapons
 a - a +0 hand axe (weapon)
Armour
 b - a +0 leather armour
 g - a +0 scale mail
 j - a +0 plate armour (worn)
Wands
 D - a wand of digging (3)
 V - a wand of flame (10)
Scrolls
 c - a scroll of fog
 d - 2 scrolls of remove curse {unknown}
 e - a scroll of fear
 f - a scroll of random uselessness {unknown}
 M - 2 scrolls of magic mapping
Potions
 h - 3 potions of lignification {unknown}
 i - a potion of resistance {unknown}
 H - a potion of haste {@q3}


   Skills:
 - Level 2.6 Fighting
 + Level 8.8 Axes
 - Level 2.1 Dodging
 - Level 6.0 Stealth


You had 6 spell levels left.
You didn't know any spells.
Your spell library was empty.

Dungeon Overview and Level Annotations

Branches:
Dungeon (7/15)
 Temple: D:4-7

Altars:


Innate Abilities, Weirdness & Mutations

You are resistant to damage.
You can heal yourself by infusing magical energy.
You passively map a small area around you.
You do not regenerate.


Message History

The orc wizard flickers and vanishes!
The orc wizard casts a spell.
The orc wizard flickers and vanishes!
There is a stone staircase leading down here.
Unknown command.
An orc comes into view. It is wielding a +0 hand axe.
The orc shouts!
The orc throws a boomerang.
The boomerang barely misses you.
The weapon returns to the orc!
An orc comes into view. It is wielding a +0 long sword.
The leopard gecko bites you but does no damage.
Something hits you but does no damage.
The orc priest hits you but does no damage.
You hit the orc priest but do no damage.
You closely miss the leopard gecko. You hit something.
The leopard gecko bites you but does no damage.
You hit the orc priest but do no damage.
You closely miss the leopard gecko. You hit something.
The leopard gecko barely misses you. Something hits you but does no damage.
Are you sure you want to abandon this character and quit the game? (Confirm with "yes".)

, , , #....... ,
#......# *, , ,,
#......# , #.....o# ,
,, #....o.# , ,
#......# , #......#* *
, ,, #...o@.+ ,
#.....l###############
#.....>...............
##########.####.......
#.....# #....... #####
#.###.# #....... #...#
#...#.# #....... #...#
#.##### #....... #...#
#.# ####.......


You could see an orc priest, 2 orcs and a leopard gecko.

Vanquished Creatures
  3 ice beasts
  A bullfrog
  2 electric eels
  2 hounds
  2 worker ants
  A hound zombie
  A worker ant zombie
  An adder
  A shadow imp
  A white imp
  5 orcs
  A giant cockroach
  7 jackals
  A quokka
29 creatures vanquished.

Vanquished Creatures (others)
  A plant
1 creature vanquished.

Grand Total: 30 creatures vanquished

Notes
Turn   | Place    | Note
-------+----------+-------------------------------------------
     0 | D:5      | Efficiency the Deep Dwarf Delver began the quest for the
                  | Orb.
     0 | D:5      | Reached XP level 1. HP: 20/20 MP: 1/1
     7 | D:5      | Noticed a hound
    15 | D:5      | Killed a hound
    15 | D:5      | Reached skill level 3 in Axes
    15 | D:5      | Reached XP level 2. HP: 27/27 MP: 2/2
    15 | D:5      | Reached XP level 3. HP: 33/33 MP: 3/3
    86 | D:5      | Reached skill level 4 in Axes
   124 | D:5      | Found a transporter.
   133 | D:5      | Noticed an ice beast
   135 | D:5      | Found a transporter.
   162 | D:5      | HP: 2/33 [ice beast (7)]
   166 | D:5      | Killed an ice beast
   166 | D:5      | Reached skill level 5 in Axes
   166 | D:5      | Reached XP level 4. HP: 36/40 MP: 1/1
   166 | D:5      | Reached XP level 5. HP: 41/46 MP: 2/2
   184 | D:5      | Reached skill level 6 in Axes
   337 | D:6      | Noticed an ice beast
   343 | D:6      | Killed an ice beast
   343 | D:6      | Reached skill level 7 in Axes
   343 | D:6      | Reached XP level 6. HP: 42/55 MP: 3/3
   384 | D:7      | Reached skill level 8 in Axes
   398 | D:7      | Noticed an ice beast
   417 | D:7      | Killed an ice beast
   417 | D:7      | Reached XP level 7. HP: 30/61 MP: 4/4
   474 | D:7      | HP: 10/61 [white imp/puff of frost (5)]
   505 | D:6      | HP: 9/61 [leopard gecko (1)]
   564 | D:7      | Quit the game

Illustrated notes

Levels and vault maps discovered:
D:4:      layout_loops_ring, grunt_temple_overflow_growth_and_decay,
          marbit_many_paths, minmay_temple_entry_junction,
          kennysheep_crisscross, minmay_lizard_king
D:5:      gammafunk_steamed_eel, layout_basic
D:6:      layout_basic, uniq_maggie
D:7:      layout_basic, old_standard_altar

Skill      XL: |  1  2  3  4  5  6 |
---------------+-------------------+-----
Axes           | 3 5 7 8 |  8.8
Fighting       | |  2.6
Dodging        | |  2.1
Stealth        | |  6.0

Action                   |  1- 3 |  4- 6 |  7- 9 || total
-------------------------+-------+-------+-------++-------
Melee: Hand axe          |    56 |    49 |    19 ||   124
 Abil: Heal Wounds       |     6 |     3 |     1 ||    10
Evoke: Wand              |       |     7 |     1 ||     8
  Use: Scroll            |       |       |     1 ||     1
 Stab: Sleeping          |     1 |       |       ||     1
Armor: Leather armour    |     9 |       |       ||     9
       Scale mail        |       |    45 |     4 ||    49
       Plate armour      |       |       |    16 ||    16
Dodge: Dodged            |    43 |    76 |    18 ||   137

Table legend: (Time is in decaauts)
 A = Elapsed time spent in this place.
 B = Non-inter-level travel time spent in this place.
 C = Inter-level travel time spent in this place.
 D = Time resting spent in this place.
 E = Time spent auto-exploring this place.
 F = Levels seen in this place.
 G = Mean time per level.
                   A        B        C        D        E       F      G
               +--------+--------+--------+--------+--------+-----+--------+
         Total |    569 |    569 |      0 |      0 |      0 |   4 |  142.2 |
       Dungeon |    569 |    569 |      0 |      0 |      0 |   4 |  142.2 |
               +--------+--------+--------+--------+--------+-----+--------+

Top non-repeatable levels by time:
     D:5: 276 daAuts
     D:7: 190 daAuts
     D:6: 57 daAuts
     D:4: 46 daAuts
